 Dungeon Sprint DCSS version 0.16-a0-3781-g2316936 (console) character file.

1163 Monkaria the Nimble (level 8, -2/67 HPs)
             Began as a High Elf Fighter on Jan 25, 2015.
             Was an Initiate of Makhleb.
             Slain by a centaur warrior (8 damage)
             ... in the Dungeon (Sprint I: "Red Sonja").
             The game lasted 00:02:40 (718 turns).

Monkaria the Nimble (High Elf Fighter)               Turns: 718, Time: 00:02:40

Health: -2/67      AC:  6    Str: 17    XL:     8   Next: 17%
Magic:  13/13      EV: 17    Int: 11    God:    Makhleb [......]
Gold:   297        SH:  0    Dex: 16    Spells: 0 memorised, 7 levels left

rFire  . . .     SeeInvis .     a - +0 long sword
rCold  + . .     Clarity  .     b - +0 scale mail
rNeg   . . .     SustAb   .     (no shield)
rPois  +         Gourm    .     (no helmet)
rElec  +         Spirit   .     (no cloak)
rCorr  .         Warding  .     (no gloves)
rMut   .         NoTele   +     (no boots)
MR     .....                    (no amulet)
Stlth  ..........               (no ring)
                                n - ring of Res Nullius {rElec rPois+ rC+ Slay+3 Stlth-}

@: exhausted, very slightly contaminated, hasted and slowed, not resistant to
hostile enchantments, extremely unstealthy
A: no striking features
a: Renounce Religion


You were in the Dungeon.
You worshipped Makhleb.
Makhleb was noncommittal.
You were not hungry.

You visited 1 branch You collected 297 gold pieces.

Inventory:

Hand weapons
 a - a +0 long sword (weapon)
Armour
 b - a +0 scale mail (worn)
 c - a +0 shield
Jewellery
 n - the ring of Res Nullius (left hand) {rElec rPois+ rC+ Slay+3 Stlth-}
   (You found it in the Dungeon)

   [ring of loudness]

   It affects your accuracy and damage with ranged weapons and melee attacks
   (+3).
   It protects you from cold.
   It insulates you from electricity.
   It protects you from poison.
   It makes you less stealthy.
Magical devices
 m - a wand of polymorph (10)
Scrolls
 k - a scroll of blinking
 o - a scroll of enchant weapon {unknown}
 p - a scroll of identify {unknown}
Potions
 e - a potion of might
 f - a potion of curing
 g - a potion of heal wounds
 i - 2 potions of magic
 l - a potion of mutation {unknown}
Comestibles
 d - a bread ration


   Skills:
 + Level 11.2 Fighting
 - Level 10.0 Long Blades
 - Level 2.6 Armour
 + Level 12.6 Dodging
 - Level 2.6 Shields


You had 7 spell levels left.
You didn't know any spells.

Dungeon Overview and Level Annotations

Branches:
Dungeon (1/1)

Altars:
Cheibriados
Dithmenos
Elyvilon
Fedhas
Gozag
Kikubaaqudgha
Makhleb
Nemelex Xobeh
Okawaru
Qazlal
Ru
Sif Muna
Trog
Vehumet
Xom
Yredelemnul
Zin
The Shining One
Jiyva

Shops:
D [


Message History

You slash the centaur warrior!
The centaur warrior is heavily wounded.
The centaur warrior misses you.
The centaur warrior completely misses you.
You hit the centaur warrior.
The centaur warrior is heavily wounded.
The centaur warrior hits you.
* * * LOW HITPOINT WARNING * * *
You hit the centaur warrior.
The centaur warrior is heavily wounded.
The centaur warrior hits you!
* * * LOW HITPOINT WARNING * * *
You slash the centaur warrior!
The centaur warrior is severely wounded.
The centaur warrior closely misses you. The centaur warrior hits you.
* * * LOW HITPOINT WARNING * * *
You hit the centaur warrior.
The centaur warrior is severely wounded.
The centaur warrior hits you!
You die...

###################
#<.#..)..#..'..#__#
#..').#..').#..'..+
#..#####'#####'#__# ##
#..####..#...#.####§§#
#..#__####..##.#§≈§§§#
#..#_..__##'#..c§§≈§§
#⌠⌠#_.∩...†...@#§≈§..#
####_..._##_.#)##c####
#_____###+#.# $$(
####### ### ###


You could see a centaur warrior.

Vanquished Creatures
  A centaur warrior (D)
  A slime creature (D)
  A yak (D)
  An ogre (D)
  Sigmund (D)
  A jelly (D)
  Ijyb (D)
7 creatures vanquished.

Notes
Turn   | Place    | Note
--------------------------------------------------------------
     0 | D        | Monkaria, the High Elf Fighter, began the quest for the Orb.
     0 | D        | Reached XP level 1. HP: 16/16 MP: 2/2
     1 | D        | Noticed Ijyb
     8 | D        | Killed Ijyb
     8 | D        | Reached skill level 4 in Fighting
     8 | D        | Reached XP level 2. HP: 19/23 MP: 3/3
   167 | D        | Noticed an ogre
   174 | D        | Killed an ogre
   174 | D        | Reached skill level 7 in Long Blades
   174 | D        | Reached skill level 5 in Dodging
   174 | D        | Reached XP level 3. HP: 8/27 MP: 5/5
   174 | D        | Reached XP level 4. HP: 10/34 MP: 7/7
   423 | D        | Noticed Sigmund
   430 | D        | Killed Sigmund
   430 | D        | Reached skill level 9 in Long Blades
   430 | D        | Reached XP level 5. HP: 38/38 MP: 8/8
   444 | D        | Found a deep blue altar of Sif Muna.
   445 | D        | Noticed a jelly
   446 | D        | Found a radiant altar of Vehumet.
   450 | D        | Killed a jelly
   450 | D        | Reached skill level 5 in Fighting
   450 | D        | Reached skill level 10 in Long Blades
   452 | D        | Got a slimy golden ring
   455 | D        | Identified the ring of Res Nullius {rElec rPois+ rC+ Slay+3 Stlth-} (You found it in the Dungeon)
   485 | D        | Found a viscous altar of Jiyva.
   485 | D        | Found a blossoming altar of Fedhas.
   485 | D        | Noticed a slime creature
   486 | D        | Found a snail-covered altar of Cheibriados.
   486 | D        | Found a shadowy altar of Dithmenos.
   495 | D        | Killed a slime creature
   495 | D        | Reached XP level 6. HP: 34/50 MP: 10/10
   590 | D        | Found Enil's Antique Armour Emporium.
   590 | D        | Found a white marble altar of Elyvilon.
   590 | D        | Found a stormy altar of Qazlal.
   590 | D        | Found a burning altar of Makhleb.
   590 | D        | Found a sacrificial altar of Ru.
   590 | D        | Found a basalt altar of Yredelemnul.
   590 | D        | Found a glowing golden altar of the Shining One.
   590 | D        | Found a sparkling altar of Nemelex Xobeh.
   590 | D        | Found a shimmering altar of Xom.
   590 | D        | Found an opulent altar of Gozag.
   590 | D        | Found an ancient bone altar of Kikubaaqudgha.
   590 | D        | Found a glowing silver altar of Zin.
   590 | D        | Noticed a yak
   598 | D        | Killed a yak
   598 | D        | Reached skill level 10 in Dodging
   598 | D        | Reached XP level 7. HP: 40/56 MP: 12/12
   599 | D        | Found an iron altar of Okawaru.
   600 | D        | Found a bloodstained altar of Trog.
   604 | D        | Became a worshipper of Makhleb the Destroyer
   691 | D        | Noticed a centaur warrior
   692 | D        | Noticed a centaur warrior
   703 | D        | Killed a centaur warrior
   703 | D        | Reached skill level 11 in Fighting
   703 | D        | Reached skill level 12 in Dodging
   703 | D        | Reached XP level 8. HP: 53/67 MP: 13/13
   713 | D        | Noticed a deep troll
   718 | D        | Slain by a centaur warrior

Action                   |  1- 3 |  4- 6 |  7- 9 || total
-------------------------+-------+-------+-------++-------
Melee: Long sword        |    13 |    27 |    13 ||    53
  Use: Potion            |       |       |     2 ||     2
